TOP OF THE 1ST |
Colorado Billy Goats batting - Pitching for Thunder Bay Northern Lions BC : RHP Jaganmani Vivek
|
Pitching: RHP Jaganmani Vivek
|
|
Batting: LHB David de Meij
|
0-0: Swinging Strike 0-1: Foul Ball, location: 2F 0-2: Ball 1-2: Foul Ball, location: 2F 1-2: Foul Ball, location: 2F 1-2: Ball 2-2: Foul Ball, location: 2F 2-2: Ground out 5-3 (Groundball, 56S, EV 70.0 MPH)
|
Batting: LHB Tim Gonzáles
|
0-0: Called Strike 0-1: Ball 1-1: Foul Ball, location: 2F 1-2: Ball 2-2: DOUBLE (Line Drive, 9LM, EV 105.6 MPH)
|
Batting: LHB Ricardo Yates
|
0-0: Ball 1-0: Ball 2-0: Ground out 6-3 (Groundball, 6, EV 86.9 MPH)
|
Batting: LHB Bill Stanton
|
0-0: Swinging Strike 0-1: Called Strike 0-2: Ball 1-2: Fly out, F8 (Flyball, 8RXD, EV 84.4 MPH)
|
Top of the 1st over - 0 runs, 1 hit, 0 errors, 1 left on base; Colorado 0 - Thunder Bay 0 |
BOTTOM OF THE 1ST |
Thunder Bay Northern Lions BC batting - Pitching for Colorado Billy Goats : RHP Harry Stuterberg
|
Pitching: RHP Harry Stuterberg
|
|
Batting: LHB Ramón Padilla
|
0-0: Bunt missed! 0-1: Ball 1-1: Foul Ball, location: 2F 1-2: SINGLE (Groundball, 34, EV 83.1 MPH) (infield hit)
|
Batting: RHB Charles Josse
|
0-0: Called Strike 0-1: Foul Ball, location: 2F 0-2: Ball 1-2: Ball 2-2: Ground out 5-3 (Groundball, 5S, EV 88.8 MPH) Ramón Padilla to second
|
Batting: LHB Keaton Kringlen
|
0-0: Ball Ramón Padilla steals 3rd base 1-0: Foul Ball, location: 2F 1-1: Swinging Strike 1-2: Ground out 4-3 (Groundball, 4S, EV 78.1 MPH) Ramón Padilla scores
|
Batting: LHB Sébastien Cornu
|
0-0: Ball 1-0: Ball 2-0: Ground out 1-3 (Groundball, 34S, EV 86.9 MPH)
|
Bottom of the 1st over - 1 run, 1 hit, 0 errors, 0 left on base; Colorado 0 - Thunder Bay 1 |
TOP OF THE 2ND |
Colorado Billy Goats batting - Pitching for Thunder Bay Northern Lions BC : RHP Jaganmani Vivek
|
Batting: LHB Ken Norris
|
0-0: Ball 1-0: Called Strike 1-1: Ball 2-1: Ground out 4-3 (Groundball, 4, EV 90.6 MPH)
|
Batting: SHB Raoul de Gilde
|
0-0: Called Strike 0-1: Called Strike 0-2: Strikes out swinging
|
Batting: LHB António Casas
|
0-0: Ball 1-0: Swinging Strike 1-1: Called Strike 1-2: Strikes out swinging
|
Top of the 2nd over - 0 runs, 0 hits, 0 errors, 0 left on base; Colorado 0 - Thunder Bay 1 |
BOTTOM OF THE 2ND |
Thunder Bay Northern Lions BC batting - Pitching for Colorado Billy Goats : RHP Harry Stuterberg
|
Batting: LHB Yao-pang Chiang
|
0-0: Foul Ball, location: 2F 0-1: Swinging Strike 0-2: Ball 1-2: Fly out, F9 (Line Drive, 9, EV 94.4 MPH)
|
Batting: RHB Domingo Altamirańo
|
0-0: Ball 1-0: Swinging Strike 1-1: Called Strike 1-2: Foul Ball, location: 2F 1-2: Fly out, F9 (Flyball, 9LS, EV 92.5 MPH)
|
Batting: SHB Takeshi Kovacs
|
0-0: Foul Ball, location: 2F 0-1: Ball 1-1: SINGLE (Line Drive, 4D, EV 96.9 MPH)
|
Batting: RHB Griffin Woodfinlevine
|
0-0: Ball 1-0: Called Strike 1-1: Called Strike 1-2: SINGLE (Line Drive, 78S, EV 105.6 MPH) Takeshi Kovacs to second
|
Batting: RHB Dragoljub Kandic
|
0-0: Ball 1-0: Swinging Strike Pickoff Throw to Second - Error! E1 Takeshi Kovacs to third Griffin Woodfinlevine to second 1-1: Foul Ball, location: 2F 1-2: Fly out, F3 (Popup, 3F, EV 83.1 MPH)
|
Bottom of the 2nd over - 0 runs, 2 hits, 1 error, 2 left on base; Colorado 0 - Thunder Bay 1 |
TOP OF THE 3RD |
Colorado Billy Goats batting - Pitching for Thunder Bay Northern Lions BC : RHP Jaganmani Vivek
|
Batting: RHB Phil Moore
|
0-0: Called Strike 0-1: Ball 1-1: Ball 2-1: Fly out, F9 (Line Drive, 9D, EV 101.2 MPH)
|
Batting: LHB Ruhinda Kirkconnell
|
0-0: Ball 1-0: Called Strike 1-1: Swinging Strike 1-2: Strikes out swinging
|
Batting: LHB David de Meij
|
0-0: Called Strike 0-1: Ground out 6-3 (Groundball, 6MS, EV 85.6 MPH)
|
Top of the 3rd over - 0 runs, 0 hits, 0 errors, 0 left on base; Colorado 0 - Thunder Bay 1 |
BOTTOM OF THE 3RD |
Thunder Bay Northern Lions BC batting - Pitching for Colorado Billy Goats : RHP Harry Stuterberg
|
Batting: LHB Ramón Padilla
|
0-0: Ball 1-0: Foul Ball, location: 2F 1-1: Ball 2-1: Called Strike 2-2: Reached on error, E7 (Line Drive, 7, EV 89.4 MPH)
|
Batting: RHB Charles Josse
|
0-0: Fly out, F5 (Popup, 5SF, EV 81.2 MPH)
|
Batting: LHB Keaton Kringlen
|
0-0: Ball 1-0: Ball Ramón Padilla steals 2nd base (no throw) 2-0: Ground out 6-3 (Groundball, 6M, EV 101.9 MPH) Ramón Padilla to third
|
Batting: LHB Sébastien Cornu
|
0-0: Ball 1-0: Ball 2-0: Foul Ball, location: 2F 2-1: Ball 3-1: Base on Balls
|
Batting: LHB Yao-pang Chiang
|
0-0: Ball 1-0: SINGLE (Flyball, 89S, EV 97.5 MPH) Ramón Padilla scores Sébastien Cornu to second Runner from 2nd tries for 3rd, SAFE, throw by RF made to third
|
Batting: RHB Domingo Altamirańo
|
0-0: Foul Ball, location: 2F 0-1: Swinging Strike 0-2: Strikes out swinging
|
Bottom of the 3rd over - 1 run, 1 hit, 1 error, 2 left on base; Colorado 0 - Thunder Bay 2 |
TOP OF THE 4TH |
Colorado Billy Goats batting - Pitching for Thunder Bay Northern Lions BC : RHP Jaganmani Vivek
|
Batting: LHB Tim Gonzáles
|
0-0: Ball 1-0: Ball 2-0: Called Strike 2-1: Ground out U3 (Groundball, 3, EV 82.5 MPH)
|
Batting: LHB Ricardo Yates
|
0-0: Called Strike 0-1: Called Strike 0-2: Strikes out swinging
|
Batting: LHB Bill Stanton
|
0-0: Ball 1-0: Ball 2-0: Foul Ball, location: 2F 2-1: Ball 3-1: Ground out 4-3 (Groundball, 4, EV 80.6 MPH)
|
Top of the 4th over - 0 runs, 0 hits, 0 errors, 0 left on base; Colorado 0 - Thunder Bay 2 |
BOTTOM OF THE 4TH |
Thunder Bay Northern Lions BC batting - Pitching for Colorado Billy Goats : RHP Harry Stuterberg
|
Batting: SHB Takeshi Kovacs
|
0-0: Fly out, F8 (Flyball, 8RS, EV 81.2 MPH)
|
Batting: RHB Griffin Woodfinlevine
|
0-0: Called Strike 0-1: Called Strike 0-2: Foul Ball, location: 2F 0-2: Ball 1-2: Ball 2-2: Ball 3-2: Ground out 4-3 (Groundball, 4S, EV 92.5 MPH)
|
Batting: RHB Dragoljub Kandic
|
0-0: Foul Ball, location: 2F 0-1: Foul Ball, location: 2F 0-2: Ball 1-2: Fly out, F9 (Flyball, 9S, EV 83.1 MPH)
|
Bottom of the 4th over - 0 runs, 0 hits, 0 errors, 0 left on base; Colorado 0 - Thunder Bay 2 |
TOP OF THE 5TH |
Colorado Billy Goats batting - Pitching for Thunder Bay Northern Lions BC : RHP Jaganmani Vivek
|
Batting: LHB Ken Norris
|
0-0: Called Strike 0-1: Called Strike 0-2: Strikes out swinging
|
Batting: SHB Raoul de Gilde
|
0-0: Called Strike 0-1: Ball 1-1: Ball 2-1: Swinging Strike 2-2: Ball 3-2: Strikes out swinging, 2-3 out at first.
|
Batting: LHB António Casas
|
0-0: Foul Ball, location: 2F 0-1: Swinging Strike 0-2: Foul Ball, location: 2F 0-2: Foul Ball, location: 2F 0-2: Ball 1-2: Foul Ball, location: 2F 1-2: Foul Ball, location: 2F 1-2: Ground out 5-3 (Groundball, 56, EV 101.2 MPH)
|
Top of the 5th over - 0 runs, 0 hits, 0 errors, 0 left on base; Colorado 0 - Thunder Bay 2 |
BOTTOM OF THE 5TH |
Thunder Bay Northern Lions BC batting - Pitching for Colorado Billy Goats : RHP Harry Stuterberg
|
Batting: LHB Ramón Padilla
|
0-0: Swinging Strike 0-1: Reached on error, E6 (Groundball, 6, EV 87.5 MPH)
|
Batting: RHB Charles Josse
|
0-0: Fly out, F3 (Line Drive, 3, EV 70.0 MPH)
|
Batting: LHB Keaton Kringlen
|
0-0: Ball 1-0: Ball 2-0: Ball 3-0: Base on Balls
|
Batting: LHB Sébastien Cornu
|
0-0: Ball 1-0: Foul Ball, location: 2F 1-1: Ball 2-1: Foul Ball, location: 2F 2-2: Strikes out swinging
|
Batting: LHB Yao-pang Chiang
|
0-0: Ball 1-0: Ball 2-0: Called Strike 2-1: Called Strike 2-2: Foul Ball, location: 2F 2-2: Foul Ball, location: 2F 2-2: Ball 3-2: Base on Balls Ramón Padilla to third Keaton Kringlen to second
|
Batting: RHB Domingo Altamirańo
|
0-0: Ball 1-0: Fly out, F7 (Flyball, 7D, EV 86.2 MPH)
|
Bottom of the 5th over - 0 runs, 0 hits, 1 error, 3 left on base; Colorado 0 - Thunder Bay 2 |
TOP OF THE 6TH |
Colorado Billy Goats batting - Pitching for Thunder Bay Northern Lions BC : RHP Jaganmani Vivek
|
Batting: RHB Phil Moore
|
0-0: Swinging Strike 0-1: Ball 1-1: Reached on error, E5 (Groundball, 56S, EV 82.5 MPH)
|
Batting: LHB Ruhinda Kirkconnell
|
0-0: Called Strike 0-1: Foul Ball, location: 2F 0-2: Ball 1-2: Fly out, F8 (Line Drive, 8RD, EV 91.2 MPH)
|
Batting: LHB David de Meij
|
0-0: Ball 1-0: Swinging Strike 1-1: Foul Ball, location: 2F 1-2: Foul Ball, location: 2F 1-2: Foul Ball, location: 2F 1-2: Ball 2-2: Ground out 4-3 (Groundball, 34, EV 84.4 MPH) Phil Moore to third
|
Batting: LHB Tim Gonzáles
|
0-0: Called Strike 0-1: Ball 1-1: SINGLE (Flyball, 7LS, EV 99.4 MPH) Phil Moore scores
|
Batting: LHB Ricardo Yates
|
0-0: Fly out, F8 (Flyball, 78D, EV 92.5 MPH)
|
Top of the 6th over - 1 run, 1 hit, 1 error, 1 left on base; Colorado 1 - Thunder Bay 2 |
BOTTOM OF THE 6TH |
Thunder Bay Northern Lions BC batting - Pitching for Colorado Billy Goats : RHP Harry Stuterberg
|
Batting: SHB Takeshi Kovacs
|
0-0: Ball 1-0: Foul Ball, location: 2F 1-1: Ball 2-1: Foul Ball, location: 2F 2-2: Ground out 1-3 (Groundball, 15, EV 86.9 MPH)
|
Pitching: LHP Ron Fernández
|
|
Batting: RHB Griffin Woodfinlevine
|
0-0: Ball 1-0: Ball 2-0: Foul Ball, location: 2F 2-1: Called Strike 2-2: Foul Ball, location: 2F 2-2: Ground out 5-3 (Groundball, 56S, EV 71.9 MPH)
|
Batting: RHB Dragoljub Kandic
|
0-0: Ball 1-0: Ball 2-0: Ball 3-0: Called Strike 3-1: Called Strike 3-2: Foul Ball, location: 2F 3-2: Base on Balls
|
Batting: LHB Ramón Padilla
|
0-0: Ball 1-0: Ball 2-0: Ball 3-0: Called Strike 3-1: Base on Balls Dragoljub Kandic to second
|
Batting: RHB Charles Josse
|
0-0: Ball 1-0: Ball 2-0: Called Strike 2-1: Ground out 6-3 (Groundball, 6S, EV 85.0 MPH)
|
Bottom of the 6th over - 0 runs, 0 hits, 0 errors, 2 left on base; Colorado 1 - Thunder Bay 2 |
TOP OF THE 7TH |
Colorado Billy Goats batting - Pitching for Thunder Bay Northern Lions BC : RHP Jaganmani Vivek
|
Batting: LHB Bill Stanton
|
0-0: Called Strike 0-1: Ball 1-1: Ball 2-1: Foul Ball, location: 2F 2-2: Foul Ball, location: 2F 2-2: SOLO HOME RUN (Flyball, 89XD, EV 96.9 MPH), Distance : 399 ft
|
Pitching: RHP Greg Hoover
|
|
Batting: LHB Ken Norris
|
0-0: Ball 1-0: Called Strike 1-1: Ball 2-1: DOUBLE (Groundball, 3L, EV 106.2 MPH)
|
Batting: SHB Raoul de Gilde
|
0-0: Ball 1-0: Bunted foul 1-1: Bunted foul 1-2: Ball 2-2: Strikes out looking
|
Batting: LHB António Casas
|
0-0: Intentional Walk
|
Pinch Runner at 2nd Kevin Baxter:
|
|
Batting: RHB Phil Moore
|
0-0: Ball 1-0: Foul Ball, location: 2F 1-1: Ball 2-1: Ball 3-1: Fly out, F7 (Flyball, 7LS, EV 95.0 MPH)
|
Batting: LHB Ruhinda Kirkconnell
|
0-0: Swinging Strike 0-1: Ball 1-1: Ground out 4-3 (Groundball, 4, EV 85.6 MPH)
|
Top of the 7th over - 1 run, 2 hits, 0 errors, 2 left on base; Colorado 2 - Thunder Bay 2 |
BOTTOM OF THE 7TH |
Thunder Bay Northern Lions BC batting - Pitching for Colorado Billy Goats : LHP Ron Fernández
|
Now in RF: Kevin Baxter
|
|
Batting: LHB Keaton Kringlen
|
0-0: Foul Ball, location: 2F 0-1: Ball 1-1: Foul Ball, location: 2F 1-2: Ball 2-2: Ball 3-2: Foul Ball, location: 2F 3-2: Strikes out swinging
|
Batting: LHB Sébastien Cornu
|
0-0: Ball 1-0: Fly out, F7 (Flyball, 7LM, EV 85.0 MPH)
|
Batting: LHB Yao-pang Chiang
|
0-0: Ball 1-0: Ball 2-0: Ball 3-0: Called Strike 3-1: Fly out, F8 (Flyball, 8LXD, EV 76.9 MPH)
|
Bottom of the 7th over - 0 runs, 0 hits, 0 errors, 0 left on base; Colorado 2 - Thunder Bay 2 |
TOP OF THE 8TH |
Colorado Billy Goats batting - Pitching for Thunder Bay Northern Lions BC : RHP Greg Hoover
|
Batting: LHB David de Meij
|
0-0: Ball 1-0: Ball 2-0: Ball 3-0: Called Strike 3-1: Base on Balls
|
Batting: LHB Tim Gonzáles
|
0-0: Called Strike 0-1: Called Strike 0-2: Ball 1-2: Ball 2-2: Foul Ball, location: 2F 2-2: Fly out, F9 (Flyball, 9D, EV 90.6 MPH)
|
Batting: LHB Ricardo Yates
|
0-0: Ball 1-0: Called Strike 1-1: Ball 2-1: Called Strike 2-2: Ball David de Meij is caught stealing 2nd base 2-6 3-2: SINGLE (Groundball, 4MD, EV 106.9 MPH)
|
Batting: LHB Bill Stanton
|
0-0: Ball 1-0: SINGLE (Groundball, 4D, EV 106.9 MPH) Ricardo Yates to second Runner from 2nd tries for 3rd, SAFE, no throw by CF
|
Batting: RHB Kevin Baxter
|
0-0: Ball 1-0: Fly out, F9 (Flyball, 9D, EV 93.1 MPH)
|
Top of the 8th over - 0 runs, 2 hits, 0 errors, 2 left on base; Colorado 2 - Thunder Bay 2 |
BOTTOM OF THE 8TH |
Thunder Bay Northern Lions BC batting - Pitching for Colorado Billy Goats : LHP Ron Fernández
|
Batting: RHB Domingo Altamirańo
|
0-0: Fly out, F9 (Flyball, 9LD, EV 103.8 MPH)
|
Pitching: RHP Amando Codes
|
|
Batting: SHB Takeshi Kovacs
|
0-0: Swinging Strike 0-1: Swinging Strike 0-2: Ground out 4-3 (Groundball, 4, EV 88.1 MPH)
|
Batting: RHB Griffin Woodfinlevine
|
0-0: Ball 1-0: Ball 2-0: Ball 3-0: Base on Balls
|
Batting: RHB Dragoljub Kandic
|
0-0: Ball 1-0: Ball 2-0: Ball 3-0: Called Strike 3-1: SINGLE (Groundball, 6MD, EV 95.6 MPH) Griffin Woodfinlevine to second Runner from 2nd tries for 3rd, SAFE, throw by CF made to third
|
Batting: LHB Ramón Padilla
|
0-0: Ball 1-0: Called Strike 1-1: Foul Ball, location: 2F 1-2: Strikes out swinging
|
Bottom of the 8th over - 0 runs, 1 hit, 0 errors, 2 left on base; Colorado 2 - Thunder Bay 2 |
TOP OF THE 9TH |
Colorado Billy Goats batting - Pitching for Thunder Bay Northern Lions BC : RHP Greg Hoover
|
Batting: SHB Raoul de Gilde
|
0-0: Ball 1-0: Ground out 4-3 (Groundball, 4, EV 83.1 MPH)
|
Batting: LHB António Casas
|
0-0: Foul Ball, location: 2F 0-1: Swinging Strike 0-2: Strikes out looking
|
Batting: RHB Phil Moore
|
0-0: Called Strike 0-1: Ball 1-1: Called Strike 1-2: Strikes out swinging
|
Top of the 9th over - 0 runs, 0 hits, 0 errors, 0 left on base; Colorado 2 - Thunder Bay 2 |
BOTTOM OF THE 9TH |
Thunder Bay Northern Lions BC batting - Pitching for Colorado Billy Goats : RHP Amando Codes
|
Pitching: RHP Magnus Belli
|
|
Batting: RHB Charles Josse
|
0-0: Ball 1-0: Foul Ball, location: 2F 1-1: Swinging Strike 1-2: Ball 2-2: Foul Ball, location: 2F 2-2: Strikes out swinging
|
Batting: LHB Keaton Kringlen
|
0-0: Ball 1-0: Swinging Strike 1-1: Ball 2-1: Called Strike 2-2: Ball 3-2: Base on Balls
|
Batting: LHB Sébastien Cornu
|
0-0: Ball 1-0: Foul Ball, location: 2F 1-1: Ball 2-1: Ball 3-1: Base on Balls Keaton Kringlen to second
|
Batting: LHB Yao-pang Chiang
|
0-0: Swinging Strike 0-1: Foul Ball, location: 2F 0-2: Ball 1-2: 3-RUN HOME RUN (Flyball, 78XD, EV 86.9 MPH), Distance : 424 ft
|
|
Tuesday, January 5th, 2021 - OOTP Baseball 20.8 Build 74
|
|